 Dungeon Sprint DCSS version 0.29.1-12-g30fa7ad0bf (webtiles) character file.

Game seed: 17367276036829464049

17994 112233 the Warrior (level 12, -18/156 HPs)
             Began as an Ogre Fighter on Dec 25, 2022.
             Was the Champion of the Shining One.
             Demolished by a death knight
             ... wielding a +0 battleaxe
              (30 damage)
             ... in the Dungeon (Sprint IX: "|||||||||||||||||||||||||||||").
             The game lasted 00:08:55 (3994 turns).

112233 the Warrior (Ogre Fighter)                   Turns: 3994, Time: 00:08:55

Health: -18/156    AC:  6    Str: 28    XL:     12   Next: 53%
Magic:  20/20      EV: 16    Int:  9    God:    the Shining One [******]
Gold:   1152       SH:  0    Dex: 10    Spells: 11/11 levels left

rFire   + . .      SeeInvis .   o - +6 giant spiked club (holy)
rCold   + . .      Faith    .   (shield currently unavailable)
rNeg    + + +      Spirit   .   A - +2 robe {rC+ rF+}
rPois   .          Reflect  .   (helmet restricted)
rElec   .          Harm     .   j - +0 cloak
rCorr   .          Rampage  .   (gloves unavailable)
Will    +....      NoTele   +   (boots unavailable)
Stlth   +.........              (no amulet)
HPRegen 0.36/turn               p - +3 ring of strength
MPRegen 0.17/turn               q - +2 ring of evasion

@: glowing
A: large, unfitting armour, tough skin 1
a: Renounce Religion, Divine Shield, Cleansing Flame, Summon Divine Warrior


You were in the Dungeon.
You worshipped the Shining One.
The Shining One was exalted by your worship.
You visited 1 branch You collected 1935 gold pieces.
You spent 783 gold pieces at shops.

Inventory:

Hand Weapons
 f - the +8 lance "Wyrmbane" {slay drac, rPois rF+ rC+ AC+3}
   (You found it in the Dungeon)

   It inflicts extra damage against dragons and draconians.
   AC:        It affects your AC (+3).
   rF:        It protects you from fire.
   rC:        It protects you from cold.
   rPois:     It protects you from poison.
 g - a +0 shortbow
 m - a +2 morningstar of protection
 n - a +0 giant club
 o - a +6 giant spiked club of holy wrath (weapon)
 C - the +6 mace of the Salmon {venom, rC+ rN+}
   (You bought it in a shop in the Dungeon)

   It poisons the flesh of those it strikes.
   rC:        It protects you from cold.
   rN:        It protects you from negative energy.
Missiles
 s - a curare-tipped dart (quivered)
 z - 2 boomerangs
 B - a throwing net
 D - 2 atropa-tipped darts
Armour
 b - a +0 robe
 j - a +0 cloak (worn)
 A - a +2 robe of resistance (worn)
Jewellery
 a - a ring of fire
 c - a ring of ice
 d - a ring of fire
 e - a ring of fire
 p - a +3 ring of strength (left hand)
 q - a +2 ring of evasion (right hand)
Wands
 l - a wand of light (2)
Scrolls
 k - 2 scrolls of amnesia
 w - 3 scrolls of identify
 x - 3 scrolls of fog
 E - 4 scrolls of enchant armour
Potions
 h - 4 potions of magic
 i - 2 potions of curing
 t - 4 potions of brilliance
 u - a potion of resistance
 v - a potion of berserk rage


   Skills:
 + Level 19.7 Fighting
 * Level 19.4 Maces & Flails
 + Level 14.3 Dodging
 - Level 3.0 Shields
 + Level 11.3 Invocations


You had 11 spell levels left.
You didn't know any spells.
Your spell library was empty.

Dungeon Overview and Level Annotations

Branches:
Dungeon (1/1)

Altars:
Cheibriados
Dithmenos
Elyvilon
Fedhas
Gozag
Hepliaklqana
Kikubaaqudgha
Makhleb
Nemelex Xobeh
Okawaru
Qazlal
Ru
Sif Muna
Trog
Uskayaw
Vehumet
Wu Jian
Xom
Yredelemnul
Zin
The Shining One
Jiyva
Lugonu

Shops:
D ([((


Innate Abilities, Weirdness & Mutations

You are too large for most types of armour.
You have tough skin. (AC +1)


Message History

You stick the death knight like a pincushion!!!
The death knight is severely wounded.
The death knight reflects your damage back at you!
The death knight's dark mirror aura disappears.
A rakshasa comes into view. It is wielding a +0 whip of venom.
The death knight barely misses you.
You hit the death knight but do no damage.
The death knight is severely wounded.
You carefully extract the barbed spikes from your body.
The rakshasa weaves an illusion.
The death knight hits you with a +0 battleaxe!!
* * * LOW HITPOINT WARNING * * *
Unknown command.
You feel much better.
You feel yourself speed up.
The death knight hits you with a +0 battleaxe!!
* * * LOW HITPOINT WARNING * * *
The slime creature jiggles.
The death knight hits you with a +0 battleaxe!!
* * * LOW HITPOINT WARNING * * *
The rakshasa weaves an illusion.
Okay, then.
Aiming: Bolt of Light
Press: ? - help, Shift-Dir - straight line, f - death knight
Aim: a death knight, wielding a +0 battleaxe and wearing a +0 chain mail (severely wounded, haloed, 81% to hit)
The bolt of light misses the death knight.
The bolt of light hits the manticore!
The manticore is lightly wounded.
The manticore is blinded.
The bolt of light hits the orc knight but does no damage.
The orc knight is blinded.
The bolt of light hits the slime creature!
The slime creature is moderately wounded.
The bolt of light hits the boulder beetle but does no damage.
The boulder beetle is blinded.
You hear a shout!
The manticore flicks its tail.
The volley of spikes hits the death knight!
The death knight hits you with a +0 battleaxe!!
You die...

▓▓▓▓▓▓▓▓▓▓▓▓▓▓▓▓▓▓▓▓▓▓▓▓
[[[[[..........'@pHoJBeR
▓▓▓▓▓▓▓▓▓▓▓▓▓▓▓▓▓▓▓▓▓▓▓▓▓▓▓▓▓▓▓▓▓
.................................
▓▓▓▓▓▓▓▓▓▓▓▓▓▓▓▓▓▓▓▓▓▓▓▓▓▓▓▓▓▓▓▓▓
)))))........))))..∩.∩)∩)∩...[.'.
▓▓▓▓▓▓▓▓▓▓▓▓▓▓▓▓▓▓▓▓▓▓▓▓▓▓▓▓▓▓▓▓▓
................................)
▓▓▓▓▓▓▓▓▓▓▓▓▓▓▓▓▓▓▓▓▓▓▓▓▓▓▓▓▓▓▓▓▓
....'.........'........!(..'..[[.


You could see a death knight (skewered), a boulder beetle (blind), an orc knight
(blind), a rakshasa, a slime creature, a manticore (blind) and a deep elf
pyromancer.

Vanquished Creatures
  3 dire elephants (D)
  A centaur warrior (D)
  A two-headed ogre (D)
  A hydra (D)
  4 orc knights (D)
  A deep elf pyromancer (D)
  9 orc sorcerers (D)
  A manticore (D)
  3 black mambas (D)
  A torpor snail (D)
  5 elephants (D)
  3 cane toads (D)
  A komodo dragon (D)
  A rime drake (D)
  A freezing wraith (D)
  A dream sheep (D)
  2 slime creatures (D)
  2 wraiths (D)
  A vampire (D)
  2 wyverns (D)
  2 yaks (D)
  Grum (D)
  2 water moccasins (D)
  9 orc warriors (D)
  A black bear (D)
  5 wolves (D)
  A kobold brigand (D)
  A bullfrog (D)
  A gnoll sergeant (D)
  2 howler monkeys (D)
  An orc priest (D)
  8 orc wizards (D)
  2 dart slugs (D)
  9 orcs (D)
  A ball python (D)
  A bat (D)
  A frilled lizard (D)
  A rat (D)
93 creatures vanquished.

Notes
Turn   | Place    | Note
-------+----------+-------------------------------------------
     0 | D        | 112233 the Ogre Fighter began the quest for the Orb.
     0 | D        | Reached XP level 1. HP: 24/24 MP: 1/1
   336 | D        | Noticed a howler monkey
   336 | D        | Noticed a gnoll sergeant
   339 | D        | Killed a howler monkey
   340 | D        | Reached XP level 2. HP: 36/36 MP: 2/2
   340 | D        | Reached XP level 3. HP: 44/44 MP: 3/3
   344 | D        | HP: 2/44 [gnoll sergeant/+1 spear of freezing (3)]
   359 | D        | Killed a gnoll sergeant
   360 | D        | Reached skill level 5 in Dodging
   360 | D        | Reached XP level 4. HP: 13/55 MP: 4/4
   640 | D        | Found a snail-covered altar of Cheibriados.
   640 | D        | Found a shadowy altar of Dithmenos.
   640 | D        | Found a white marble altar of Elyvilon.
   640 | D        | Found a blossoming altar of Fedhas.
   640 | D        | Found an opulent altar of Gozag.
   641 | D        | Found a hazy altar of Hepliaklqana.
   642 | D        | Found a viscous altar of Jiyva.
   643 | D        | Found an ancient bone altar of Kikubaaqudgha.
   644 | D        | Found a corrupted altar of Lugonu.
   645 | D        | Found a burning altar of Makhleb.
   646 | D        | Found a sparkling altar of Nemelex Xobeh.
   647 | D        | Found an iron altar of Okawaru.
   648 | D        | Found a stormy altar of Qazlal.
   649 | D        | Found a sacrificial altar of Ru.
   650 | D        | Found a shimmering blue altar of Sif Muna.
   651 | D        | Found a bloodstained altar of Trog.
   652 | D        | Found a hide-covered altar of Uskayaw.
   653 | D        | Found a radiant altar of Vehumet.
   654 | D        | Found an ornate altar of the Wu Jian Council.
   655 | D        | Found a shimmering altar of Xom.
   656 | D        | Found a basalt altar of Yredelemnul.
   657 | D        | Found a glowing silver altar of Zin.
   658 | D        | Found a glowing golden altar of the Shining One.
   668 | D        | Became a worshipper of the Shining One
   698 | D        | Noticed a komodo dragon
   698 | D        | Noticed a vampire
   698 | D        | Noticed a two-headed ogre
   698 | D        | Reached * piety under the Shining One
   698 | D        | Noticed a kobold brigand
   698 | D        | Noticed a wraith
   698 | D        | Reached ** piety under the Shining One
   702 | D        | Killed a komodo dragon
   703 | D        | Reached skill level 10 in Fighting
   703 | D        | Reached XP level 5. HP: 56/68 MP: 5/5
   703 | D        | Reached XP level 6. HP: 65/78 MP: 6/6
   708 | D        | Killed a vampire
   709 | D        | Reached skill level 10 in Maces & Flails
   709 | D        | Reached XP level 7. HP: 47/87 MP: 7/7
   714 | D        | Killed a two-headed ogre
   715 | D        | Reached XP level 8. HP: 61/98 MP: 8/8
   732 | D        | Killed a wraith
   906 | D        | Noticed a deep elf pyromancer
   906 | D        | Noticed a slime creature
   906 | D        | Noticed a wraith
   906 | D        | Reached *** piety under the Shining One
   906 | D        | Noticed a slime creature
   906 | D        | Noticed a four-headed hydra
   906 | D        | Noticed a centaur warrior
   910 | D        | Killed a deep elf pyromancer
   911 | D        | Reached XP level 9. HP: 103/110 MP: 9/9
   921 | D        | Reached **** piety under the Shining One
   922 | D        | Reached skill level 10 in Dodging
   939 | D        | Killed a four-headed hydra
   946 | D        | Killed a centaur warrior
   947 | D        | Reached skill level 15 in Fighting
   947 | D        | Reached XP level 10. HP: 57/124 MP: 10/10
  1298 | D        | Noticed a cane toad
  1298 | D        | Noticed a cane toad
  1304 | D        | Killed a cane toad
  1305 | D        | Reached skill level 15 in Maces & Flails
  1305 | D        | Reached skill level 1 in Invocations
  1306 | D        | Killed a cane toad
  1316 | D        | Noticed a torpor snail
  1333 | D        | Killed a torpor snail
  1567 | D        | Noticed a black mamba
  1567 | D        | Reached ***** piety under the Shining One
  1567 | D        | Noticed a cane toad
  1567 | D        | Noticed a black mamba
  1567 | D        | Noticed a black mamba
  1575 | D        | Killed a black mamba
  1576 | D        | Reached skill level 5 in Invocations
  1578 | D        | Killed a cane toad
  1580 | D        | Killed a black mamba
  1584 | D        | Killed a black mamba
  1589 | D        | Reached XP level 11. HP: 74/137 MP: 12/15
  1826 | D        | Noticed a dire elephant
  1826 | D        | Noticed a dire elephant
  1838 | D        | Noticed a dire elephant
  1848 | D        | Killed a dire elephant
  1858 | D        | Killed a dire elephant
  2284 | D        | Killed a dire elephant
  2582 | D        | Reached ****** piety under the Shining One
  2584 | D        | Noticed Grum
  2598 | D        | Killed Grum
  2994 | D        | Noticed an orc knight
  3012 | D        | Killed an orc knight
  3188 | D        | Noticed an orc sorcerer
  3188 | D        | Noticed an orc knight
  3188 | D        | Noticed an orc knight
  3190 | D        | Noticed an orc knight
  3190 | D        | Killed an orc sorcerer
  3192 | D        | Killed an orc knight
  3200 | D        | Killed an orc knight
  3201 | D        | Reached XP level 12. HP: 76/152 MP: 19/19
  3222 | D        | Reached skill level 10 in Invocations
  3529 | D        | Found Plog's Weapon Emporium.
  3538 | D        | Found Voalana's Antique Armour Shoppe.
  3555 | D        | Found Asuvuuc's Antique Weapon Emporium.
  3557 | D        | Found Qaci's Weapon Shoppe.
  3567 | D        | Paralysed by an orc sorcerer for 4 turns
  3570 | D        | Noticed a soul eater
  3803 | D        | Bought a throwing net for 42 gold pieces
  3803 | D        | Bought the +6 mace of the Salmon {venom, rC+ rN+} for 725
                  | gold pieces
  3803 | D        | Bought 2 atropa-tipped darts for 16 gold pieces
  3840 | D        | Identified a +2 giant spiked club of holy wrath (a +0 giant
                  | spiked club blessed by the Shining One)
  3840 | D        | Received a gift from the Shining One
  3929 | D        | Found the +8 lance "Wyrmbane" {slay drac, rPois rF+ rC+
                  | AC+3}
  3980 | D        | Noticed a death knight
  3982 | D        | Noticed a boulder beetle
  3991 | D        | Noticed a rakshasa
  3994 | D        | Demolished by a death knight

Illustrated notes

Levels and vault maps discovered:
D:        linesprint [early_d, line_temple, items_1, d_10, items_2, lair_1,
          lair_end, items_3, orc_1, orc_end, items_4, d_15, swamp_1, shoals_1,
          snake_1, spider_1, d_20, vaults_1, items_5, swamp_end, shoals_end,
          snake_end, spider_end, vaults_end, d_27, items_6, zot_1, zot_end,
          crypt_end, forest_end, elf_end, slime_end, tomb_end, abyss_end,
          pan_hell_end]

Skill      XL: |  1  2  3  4  5  6  7  8  9 10 11 12 |
---------------+-------------------------------------+-----
Maces & Flails | 4 6 9 10 11 13 14 16 18 19 | 19.4
Dodging        | 4 5 7 8 9 11 12 13 14 | 14.3
Fighting       | 6 7 10 12 13 15 16 18 19 | 19.7
Invocations    | 6 9 11 | 11.3
Shields        | |  3.0

Action                   |  1- 3 |  4- 6 |  7- 9 | 10-12 || total
-------------------------+-------+-------+-------+-------++-------
Melee: Flail             |    35 |     3 |       |       ||    38
       Morningstar       |       |    10 |    52 |   272 ||   334
       Giant spiked club |       |       |       |     8 ||     8
Throw: Dart              |       |       |       |     3 ||     3
Invok: Divine Shield     |       |       |       |     4 ||     4
       Cleansing Flame   |       |       |       |     1 ||     1
       Brand Weapon With |       |       |       |     1 ||     1
Evoke: Wand              |       |       |       |     8 ||     8
  Use: Potion            |     4 |       |     6 |     4 ||    14
       Scroll            |       |       |       |     6 ||     6
Armor: Robe              |     5 |       |     5 |    38 ||    48
Dodge: Dodged            |     8 |     3 |    19 |    85 ||   115
Block: Kite shield       |    14 |     2 |    20 |   101 ||   137
